Map: [ESL] Waterfall

Players

goblin

  • Race: Protoss Protoss
  • Spawn Location: 1:00

MaxPax - Winner!

  • Race: Protoss Protoss
  • Spawn Location: 7:00

Event: DreamHack SC2 Masters 2022 Atlanta (Online)

VOD

Have the link to the VOD?

Description

Time

  • Played on: Sept. 29, 2022, 11:53 a.m.
  • Length: 5:10

All games in this series

Show
View Real Time Build Order
Export as new Build Order

goblin Protoss 

Build Orders:  

Get SALT Encoding   

  12  0:00  Probe  
  13  0:12  Probe  
  14  0:18  Pylon  
  14  0:24  Probe (Chrono Boost)  
  15  0:37  Probe (Chrono Boost), Gateway  
  16  0:45  Probe (Chrono Boost)  
  16  0:47  Assimilator  
  17  0:51  Probe  
  18  1:03  Probe  
  19  1:15  Probe  
  19  1:17  Assimilator  
  20  1:26  Pylon  
  20  1:27  Cybernetics Core, Probe  
  20  1:28  Zealot  
  23  1:44  Probe  
  24  1:57  Probe  
  25  2:01  Warp Gate (Chrono Boost), Stalker (Chrono Boost)  
  27  2:16  Nexus  
  27  2:23  Stalker  
  29  2:38  Gateway  
  29  2:44  Gateway  
  29  2:49  Gateway  
  29  2:53  Pylon  
  29  2:54  Shield Battery  
  29  2:56  Stalker  
  31  3:13  Gateway  
  31  3:15  Pylon  
  31  3:42  Stalker x3  
  31  3:44  Stalker  
  35  4:07  Stalker x2  
  35  4:08  Stalker  
  34  4:29  Stalker x2  
  36  4:34  Stalker  
  38  4:43  Stalker  
  40  4:50  Stalker  
Show
View Real Time Build Order
Export as new Build Order

MaxPax Protoss - Winner!

Build Orders: Oracle Opening 

Get SALT Encoding   

  12  0:00  Probe  
  13  0:12  Probe  
  14  0:18  Pylon  
  14  0:24  Probe (Chrono Boost)  
  15  0:37  Probe (Chrono Boost)  
  15  0:38  Gateway  
  16  0:45  Probe (Chrono Boost)  
  16  0:47  Assimilator  
  17  0:51  Probe  
  18  1:03  Probe (Chrono Boost)  
  19  1:09  Assimilator  
  19  1:11  Pylon  
  19  1:15  Probe (Chrono Boost)  
  20  1:22  Probe (Chrono Boost)  
  21  1:28  Cybernetics Core  
  21  1:29  Probe  
  24  1:42  Probe  
  25  1:47  Zealot  
  25  1:54  Probe  
  26  2:04  Stargate  
  26  2:14  Adept  
  28  2:20  Warp Gate  
  28  2:30  Nexus  
  28  2:35  Pylon  
  27  2:37  Probe  
  28  2:46  Oracle (Chrono Boost)  
  31  2:55  Shield Battery  
  31  2:56  Probe  
  32  3:04  Stalker  
  34  3:18  Probe  
  39  3:27  Void Ray (Chrono Boost)  
  39  3:35  Gateway  
  39  3:42  Shield Battery  
  39  4:00  Void Ray (Chrono Boost)  
  43  4:06  Shield Battery  
  43  4:08  Sentry  
  43  4:09  Probe  
  46  4:14  Pylon  
  46  4:21  Probe  
  47  4:35  Void Ray (Chrono Boost)  
  47  4:36  Zealot  
  47  4:37  Zealot  
  51  4:48  Shield Battery  
  49  5:01  Zealot  
  49  5:02  Zealot  
Tags
 
Add a new tag
Caveats
  • Supply blocks, unpowered buildings, or Contaminate may cause inaccurate times.
  • Supply counts are checked every 10 seconds.